Cogmind - Beta 14 @@@ ROGUE MODE // 2025.03.21 @ 12:59:50 Player: Chair Result: Destroyed by G-47 Trooper with Particle Gun Performance ------------- Evolutions (0) 0 Regions Visited (2) 400 Robots Destroyed (0) 0 Value Destroyed (0) 0 Prototype IDs (0) 0 Alien Tech Used (0) 0 Bonus (0) 0 TOTAL SCORE: 400 Bonus ------- None Cogmind --------- Core Integrity 0/250 Matter 293/300 Energy 100/100 System Corruption 0% Temperature Cool (9) Movement Core (50) Location -10/Mines Parts ------- > --- POWER (1) -------- (None) > --- PROPULSION (2) --- (None) > --- UTILITY (2) ------ Light Armor Plating > --- WEAPON (2) ------- (None) > --- INVENTORY (5) ---- Structural Scanner Structural Scanner Structural Scanner Structural Scanner Core Shielding Peak State ------------ > --- POWER ------------ (None) > --- PROPULSION ------- (None) > --- UTILITY ---------- Core Shielding Core Shielding > --- WEAPON ----------- (None) > --- INVENTORY -------- Structural Scanner Structural Scanner Structural Scanner [Rating: 2] Favorites ----------- Power None Propulsion None Utility Core Shielding Device Structural Scanner Protection Core Shielding Weapon None Build | -11 -10 -10 ------- Run | Yrd Mat Min Slots Evolved . | . . . Power . | . . . Propulsion . | . . . Utility . | . . . Weapon . | . . . Parts Attached 5 | . 4 1 Power . | . . . Engine . | . . . Core . | . . . Reactor . | . . . Propulsion . | . . . Treads . | . . . Leg . | . . . Wheel . | . . . Hover . | . . . Flight . | . . . Utility 5 | . 4 1 Device 1 | . 1 . Storage . | . . . Processor . | . . . Hackware . | . . . Protection 4 | . 3 1 Artifact . | . . . Weapon . | . . . Energy Gun . | . . . Energy Cannon . | . . . Ballistic Gun . | . . . Ballistic Cannon . | . . . Launcher . | . . . Special Weapon . | . . . Impact Weapon . | . . . Slashing Weapon . | . . . Piercing Weapon . | . . . Special Melee Weapon . | . . . Unidentified Prototypes . | . . . Parts Lost 1 | . 1 . Power . | . . . Propulsion . | . . . Utility 1 | . 1 . Weapon . | . . . Highest Loss Streak 1 | . 1 . To Critical Strikes . | . . . Average Slot Usage (%) 22 | . 25 20 Device 4 | . 10 . Protection 17 | . 15 20 Peak Build Rating 2 | . 2 2 Average Rating 1 | . 1 1 On Entrance . | . . 2 Naked Turns 9 | . 9 . Heaviest Build 3 | . 2 3 Greatest Support 3 | 3 3 3 Greatest Overweight (x) . | . . . Average Overweight (x) . | . . . Largest Inventory Capacity 5 | 5 5 5 Average Capacity 5 | 5 5 5 Most Carried 5 | . 5 5 Average Carried 4 | . 4 4 Final Capacity 5 | 5 5 5 Final Carried 5 | . 4 5 Class Distribution -------------------- 100% | Mutant Dominant Class ---------------- Mutant | -10/Materials Mutant | -10/Mines Resources | -11 -10 -10 ----------- Run | Yrd Mat Min Matter Collected 226 | 168 13 45 Remotely . | . . . Salvage Created . | . . . Parts . | . . . Haulers Intercepted . | . . . Recyclers Shooed . | . . . Parts Field Recycled . | . . . Retrieved Matter . | . . . Parts Self-Destructed . | . . . Prevented . | . . . Kills | -11 -10 -10 ------- Run | Yrd Mat Min Combat Hostiles Destroyed . | . . . Classes Destroyed . | . . . Best Kill Streak . | . . . Combat Bots Only . | . . . Max Kills in Single Turn . | . . . Gunslinging . | . . . Exploded . | . . . Melee . | . . . Uniques/NPCs Destroyed . | . . . Combat | -11 -10 -10 -------- Run | Yrd Mat Min Hostile Shots Fired 50 | . 36 14 Missed 16 | . 11 5 Damage Taken 368 | . 250 118 Core 259 | . 189 70 Absorbed by Shields . | . . . Redirected to Shielding 41 | . 37 4 Core Remaining (%) 100 | 100 . . Volleys Fired . | . . . Largest . | . . . Hottest . | . . . Shots Fired . | . . . Gun . | . . . Cannon . | . . . Launcher . | . . . Special . | . . . Kinetic . | . . . Thermal . | . . . Explosive . | . . . Electromagnetic . | . . . Robot Hit Streak . | . . . Robot Miss Streak . | . . . Penetration Max . | . . . Secondary Targets . | . . . Shots Hit Robots . | . . . Core Hits . | . . . Critical Kills . | . . . Critical Parts Destroyed . | . . . Critical Strikes . | . . . Melee Attacks . | . . . Impact . | . . . Slashing . | . . . Piercing . | . . . Sneak Attacks . | . . . Combat Hostiles . | . . . Follow-up Attacks . | . . . Damage Inflicted 8 | . . 8 Guns . | . . . Cannons . | . . . Explosions . | . . . Melee . | . . . Ramming 8 | . . 8 Kinetic . | . . . Thermal . | . . . Explosive . | . . . Electromagnetic . | . . . Impact . | . . . Slashing . | . . . Piercing . | . . . Highest Corruption . | . . . Average Corruption . | . . . Corruption Purged . | . . . Corruption Blocked . | . . . Overload Shots . | . . . Overflow Damage . | . . . Projectiles . | . . . Explosions . | . . . Melee . | . . . Knockbacks 1 | . . 1 Impact 1 | . . 1 Kinetic . | . . . Secondary . | . . . Self-Inflicted Damage 3 | . . 3 Shots . | . . . Rammed 3 | . . 3 Targets Rammed 3 | . . 3 Kicked . | . . . Crushed . | . . . Highest Temperature . | . . . Average Temperature . | . . . Received Heat Transfer 123 | . 75 48 Siege Activations . | . . . Robots Corrupted . | . . . Combat Hostiles . | . . . Parts Fried . | . . . Impact Corruptions . | . . . Robots Melted . | . . . Combat Hostiles . | . . . Parts Melted . | . . . Heat Transferred . | . . . Parts Sabotaged . | . . . Parts Stolen . | . . . Parts Stripped . | . . . Power Chain Reactions . | . . . Alert | -11 -10 -10 ------- Run | Yrd Mat Min Peak Influence 92 | . 71 92 Initial 27 | . . 27 Average 44 | . 13 71 Maximum Alert Level . | . . . Low Security (%) 100 | 100 100 100 Level 1 . | . . . Level 2 . | . . . Level 3 . | . . . Level 4 . | . . . Level 5 . | . . . High Security . | . . . Max Security . | . . . Squads Dispatched . | . . . Investigation . | . . . Extermination . | . . . Reinforcement . | . . . Assault . | . . . Garrison . | . . . Intercept . | . . . Searches Triggered . | . . . Construction Impeded . | . . . Haulers Reinforced . | . . . Active Scanning Responses . | . . . Cargo Convoy Interrupts . | . . . Stealth | -11 -10 -10 --------- Run | Yrd Mat Min Distress Signals . | . . . Communications Jammed . | . . . Distress Signals . | . . . Times Spotted 17 | . 12 5 Peak Tracking Total 9 | . 9 3 Tactical Retreats 3 | . 2 1 Traps | -11 -10 -10 ------- Run | Yrd Mat Min Traps Triggered . | . . . Indirectly . | . . . Trap Hack Attempts . | . . . Triggered . | . . . Disarmed . | . . . Reprogrammed . | . . . Reused . | . . . Traps Extracted . | . . . Installed . | . . . Triggered . | . . . Machines | -11 -10 -10 ---------- Run | Yrd Mat Min Machines Disabled . | . . . Max in Single Turn . | . . . Machines Repaired . | . . . Machines Dismantled . | . . . Machines Sabotaged . | . . . Overloaded Fab Kills . | . . . Hacking | -11 -10 -10 --------- Run | Yrd Mat Min Machines Accessed 4 | . 3 1 Terminals 4 | . 3 1 Fabricators . | . . . Repair Stations . | . . . Recycling Units . | . . . Scanalyzers . | . . . Garrison Access . | . . . Total Hacks 9 | . 6 3 Successful 5 | . 3 2 Failed 4 | . 3 1 Catastrophic . | . . . Database Lockouts . | . . . Manual 4 | . 3 1 Terminals 9 | . 6 3 Fabricators . | . . . Repair Stations . | . . . Recycling Units . | . . . Scanalyzers . | . . . Garrison Access . | . . . Terminal Hacks 4 | . 2 2 Record 1 | . . 1 Branch Access Points 1 | . 1 . Zone Layout 2 | . 1 1 Fabricator Hacks . | . . . Repair Station Hacks . | . . . Recycling Unit Hacks . | . . . Scanalyzer . | . . . Garrison Access Hacks . | . . . Unauthorized Hacks 1 | . 1 . Terminals 1 | . 1 . Disrupt 1 | . 1 . Fabricators . | . . . Repair Stations . | . . . Recycling Units . | . . . Scanalyzers . | . . . Garrison Access . | . . . Data Cores Recovered . | . . . Used . | . . . Hacking Detections 4 | . 3 1 Full Trace Events 1 | . . 1 Feedback Events . | . . . Feedback Blocked . | . . . Robot Schematics Acquired . | . . . Robots Built . | . . . Authchips . | . . . Time . | . . . Total Robot Build Rating . | . . . Part Schematics Acquired . | . . . Parts Built . | . . . Authchips . | . . . Time . | . . . Total Part Build Rating . | . . . Parts Repaired . | . . . Time . | . . . Parts Recycled . | . . . Recycled Matter . | . . . Retrieved Matter . | . . . Retrieved Components . | . . . Parts Scanalyzed . | . . . Part Schematics Acquired . | . . . Parts Damaged . | . . . Bothacking | -11 -10 -10 ------------ Run | Yrd Mat Min Used RIF Installer . | . . . Robots Hacked . | . . . Non-combat . | . . . Combat . | . . . Robot Hacks Applied . | . . . Relay Couplers Released . | . . . Fabnet Peak Effective % . | . . . Robots Rewired . | . . . Allies Hacked . | . . . Hacks Repelled . | . . . Allies | -11 -10 -10 -------- Run | Yrd Mat Min Total Allies . | . . . Largest Group . | . . . Highest-Rated Group . | . . . Highest-Rated Ally . | . . . Total Orders . | . . . Ally Attacks . | . . . Total Damage . | . . . Kills . | . . . Allies Corrupted . | . . . Allies Melted . | . . . Intel | -11 -10 -10 ------- Run | Yrd Mat Min Robot Analysis Total . | . . . Derelict Logs Recovered . | . . . Drone Launches . | . . . Drone Recoveries . | . . . Exploration | -11 -10 -10 ------------- Run | Yrd Mat Min Turns Passed 262 | 13 107 142 Spaces Moved 490 | 26 192 272 Core 490 | 26 192 272 Treads . | . . . Legs . | . . . Wheels . | . . . Hover . | . . . Flight . | . . . Fastest Speed 50 | 50 50 50 Average Speed 50 | 50 50 50 Slowest Speed 50 | 50 50 50 Overloaded Moves . | . . . Propulsion Burnouts . | . . . Robots Hopped . | . . . Cave-ins Triggered . | . . . Exploration Rate (%) 34 | 3 39 60 Regions Visited 2 Branch Regions 1 Pre-discovered Areas . | . . . Known Exits Taken 1 | . 1 . Unknown Exits Taken 1 | 1 . . Scrap Searched 1 | . . 1 Spaces Dug . | . . . Terrain Destroyed . | . . . Melee . | . . . Projectile . | . . . AOE . | . . . Terrain Rammed . | . . . Walls Destroyed . | . . . Machines Disabled . | . . . Actions | -11 -10 -10 --------- Run | Yrd Mat Min Total 503 | 25 200 278 Wait . | . . . Move 488 | 25 191 272 Hop . | . . . Pick Up 5 | . 5 . Fast Attach 3 | . 2 1 Attach 1 | . 1 . Detach 1 | . . 1 Swap 1 | . 1 . Drop 1 | . . 1 Fire . | . . . Melee . | . . . Ram 3 | . . 3 Kick . | . . . Crush . | . . . Escape Stasis . | . . . Rewire . | . . . Trap . | . . . Miscellaneous . | . . . Route ------- -11/Scrapyard -10/Materials (discovered 3 exits: [*Mat] / *Min / [Sub]) -10/Mines History --------- Turn | Location | Event 6 | -11/Scrapyard | Discovered new exit (range 16) 14 | -11/Scrapyard | Entered Materials 33 | -10/Materials | Discovered new exit (range 10) 72 | -10/Materials | Identified exit to Mines 84 | -10/Materials | Discovered new exit (range 16) 112 | -10/Materials | Core integrity fell below 50% 121 | -10/Materials | Entered Mines 137 | -10/Mines | Core integrity fell below 20% 161 | -10/Mines | Found a hidden stash of uninstalled traps 263 | -10/Mines | Destroyed by G-47 Trooper with Particle Gun Last Messages --------------- against explosives and kinetic weaponry that might otherwise inflict excessive collateral damage. Corresponding defensive measures have rendered it somewhat weak against thermal attacks. For emergency situations where an area has been overrun, or a garrison has been infiltrated, the entrance and inner tunnel may be permanently sealed to prevent passage and contain the threat. 00139_ K-01 Serf collects debris. 00161_ A stash of uninstalled traps is collected here! 00187_ Searching scrap... 00187_ Found Med. Matter Pod. 00187_ Found Lgt. Armor Plating. 00187_ Found Med. Matter Pod. 00187_ Found 45 Matter. 00188_ Acquired Lgt. Armor Plating. 00189_ Dropped Core Shielding. 00195_ Acquired 45 matter. 00226_ T-07 Excavator is excavating. 00260_ Slammed into G-47 Trooper. 00261_ Slammed into G-34 Mercenary. 00262_ G-34 Mercenary knocked back. Map ----- +----------------------------------------------------+ | ???????????????????### #???????????? | | ????????????????###??#### ##??????????? | | ???????????????## ##???## ##?????????? | | ???????????????# #????# #?????????? | | ???????????????# #????# #?????????? | | ??????????????## ##???# #?????????? | | ?????????????## #??## #?????????? | | ?????????????# #### #?????????? | | ?????????????# ## ##?????????? | | ?????????????# ##??????????? | | ??????????????# ###???????????? | | ??????????????# ##?????????????? | | ??????????????# ##??????????????? | | ??????????????## ##???????????????? | | ???????????????# #????????????????? | | ???????????????## ##????????????????? | | ????????????????# ###?????????????????? | | ?????###????????# #???????????????????? | | ???## ##???????# #???????????????????? | | #### #???????# #???#####???????????? | | & #??????## #???# ????????????? | | # & & ##?????## ##### #?????????????? | | ## & ##??????# #?????????????? | | ?## ##???????# ##### #?????????????? | | ??####????????# #####g###???????????? | | ??????????##?## @g#???????????? | | ?????????## ## ####### #???????????? | | ####?????# #?????# #???????????? | | ##????## #?????# #???????????? | | #?????## ##?????# #######?????? | | # #??????## ##??????# #?????? | | # #???????# ##???????####### #?????? | | # ##??????## #??????????????# #?????? | | ######### ##?????????????# #?????? | | !!! #?????????????# #?????? | | #?????????????# ?????? | | ######### ##?????????????###?????? | | ##???????####??????????????????????? | | ###??????????????????????????????????? | | ##????????????????????????????????????? | | ##?????????????????????????????????????? | | #??????????????????????????????????????? | | ???????????????????????????????????????? | | ???????????????????????????????????????? | | | | | | | | | | | | | +----------------------------------------------------+ Best States ------------- Heat Dissipation 25 Energy Generation 5 Energy Capacity 100 Matter Stores 281 Matter Capacity 300 Sight Range 16 Terrain Scan Density 10 Armor Coverage 150 Core Shielding 20 Evasion (%) 50 Item Schematics ----------------- None Robot Schematics ------------------ None Fabricated ------------ Nothing Alien Tech Used ----------------- None Achievements -------------- None Challenges ------------ None Game ------ Seed IonRelayStorage Manual? 0 Play Time 00:06:50 Cumulative 125.8 hours Start 2025.03.21 @ 12:54:48 End 2025.03.21 @ 12:59:50 Sessions 1 Manual Loads 0 Difficulty Rogue Special Mode None Game No. 107 Rogue 107 Adventurer 0 Explorer 0 Win Type - Total 4 Types 4/0/0/0/0/0/0/0/0 Lore% 53 Gallery% 58 Achievement% 49 Wizard Run 0 Options --------- Layout 0 ASCII 0 Keyboard 1 Movement Numpad Keybinds 0 Fullscreen 1 Font 36/Smallcaps Map View 76x50 Zoom Use 0% Tactical HUD 1 Map Filters NONE Filters NONE Steam 1 RUN: 26790ec9-b726-4aea-8e68-ce1b5d60c2e7